 Dungeon Crawl Stone Soup version 0.22-a0-278-g8f801747b2 (webtiles) character file.

6 BoonShekel the Digger (level 1, 0/11 HPs)
             Began as a Gargoyle Earth Elementalist on Mar 15, 2018.
             Slain by a jackal (1 damage)
             ... on level 1 of the Dungeon.
             The game lasted 00:01:11 (146 turns).

BoonShekel the Digger (Gargoyle Earth Elementalist)  Turns: 146, Time: 00:01:12

Health: 0/11       AC:  4    Str: 11    XL:     1   Next: 90%
Magic:  0/3        EV: 12    Int: 15    God:
Gold:   11         SH:  0    Dex: 10    Spells: 3/4 levels left

rFire    . . .     SeeInvis .   (no weapon)
rCold    . . .     Gourm    .   (no shield)
rNeg     + . .     Faith    .   c - +0 robe
rPois    ∞         Spirit   .   (no helmet)
rElec    +         Reflect  .   (no cloak)
rCorr    .         Harm     .   (no gloves)
MR       .....                  (no boots)
Stlth    ++........             (no amulet)
HPRegen  0.03/turn              (no ring)
MPRegen  0.08/turn              (no ring)

@: no status effects
A: negative energy resistance 1, electricity resistance, unbreathing,
petrification resistance, rot immunity, AC +2
a: no special abilities


You were on level 1 of the Dungeon.
You were not hungry.

You visited 1 branch of the dungeon, and saw 1 of its levels.

You collected 11 gold pieces.

Inventory:

Missiles
 b - 27 stones (quivered)
Armour
 c - a +0 robe (worn)
Comestibles
 d - a ration


   Skills:
 + Level 0.7 Fighting
 - Level 1.5 Dodging
 - Level 2.1 Stealth
 + Level 2.1 Spellcasting
   Level 0.7 Transmutations
 + Level 3.8 Earth Magic


You had 3 spell levels left.
You knew the following spells:

 Your Spells              Type           Power        Failure   Level  Hunger
a - Sandblast             Erth           ##....       4%          1    #......


Dungeon Overview and Level Annotations

Branches:
Dungeon (1/15)

Altars:


Innate Abilities, Weirdness & Mutations

You are resistant to torment.
Your stone body is resilient. (AC +2)
You are immune to poison.
You resist negative energy. (rN+)
You are resistant to electric shocks. (rElec)
You can survive without breathing.
You are immune to petrification.
You are immune to rotting.


Message History

You hit the jackal but do no damage. The jackal misses you.
The jackal bites you but does no damage.
The kobold hits the plant but does no damage.
The jackal barely misses you.
A jackal comes into view.
The jackal barks!
You hit the jackal but do no damage. The jackal closely misses you.
The kobold hits the plant but does no damage.
The jackal bites you.
* * * LOW HITPOINT WARNING * * *
The jackal barely misses you.
You hit the jackal but do no damage. The jackal misses you.
The jackal bites you but does no damage.
You hit the jackal.
The jackal is heavily wounded.
The jackal bites you.
* * * LOW HITPOINT WARNING * * *
The jackal bites you but does no damage.
The jackal bites you.
You die...

#### ..# #.########
#..#.## ###.#......#
#h.... #.......##.#
..... #.###.#.##.#
#...# ### ####.#
#...##.# #h..#
....##....###...h..#
#...#
#.............#@#..#
#...#


PPPPPPP.PPPPPPPPh.h####...#### PPPPP.....PPPPPP#..............
PPP..PPPPP..PPPP............... PP.PPP...PPP.PPP#..............
PP.PP.PPPKPP.PPP..#####...##### P.PP.PP.PP.PP.PP### #...# P.P.PP.P.PP.P.PP#
#...# P.P.P.PPP.P.P.PP# #...# You could see 3 jackals and a kobold.

Vanquished Creatures
  An ooze (D:1)
  A jackal (D:1)
2 creatures vanquished.

Notes
Turn   | Place    | Note
-------+----------+-------------------------------------------
     0 | D:1      | BoonShekel the Gargoyle Earth Elementalist began the quest for the Orb.
     0 | D:1      | Reached XP level 1. HP: 10/10 MP: 3/3
   146 | D:1      | Slain by a jackal

Vault maps used:
D:1:      roderic_crop_circles_arrival_small, minmay_misc_feat_pillars,
          minmay_misc_feat_roman

Action                   || total
-------------------------++-------
Melee: Unarmed           ||    37
 Cast: Sandblast         ||     3
Armor: Robe              ||    21
Dodge: Dodged            ||    39

Table legend:
 A = Spawn XP
 B = Non-spawn XP
 C = Spawn XP percentage of total XP
 D = Spawn monster count
 E = Non-spawn monster count
 F = Spawn count percentage of total count
 G = Total turns spent on level
                    A         B        C        D         E        F      G
               +---------+---------+-------+---------+---------+-------+---------
         Total |       0 |       9 |   0.0 |       0 |       2 |   0.0 |   146
               +---------+---------+-------+---------+---------+-------+---------
           D:1 |       0 |       9 |   0.0 |       0 |       2 |   0.0 |   146
               +---------+---------+-------+---------+---------+-------+---------
